 Dungeon Crawl Stone Soup version 0.26.1-11-gd32895ea62 (webtiles) character file.

Game seed: 706791201405386214

266 eooof the Magus (level 6, -1/51 HPs)
             Began as a Draconian Monk on May 6, 2021.
             Was an Elder of Nemelex Xobeh.
             Shot with an arrow by a centaur (6 damage)
             ... on level 6 of the Dungeon.
             The game lasted 00:19:00 (2259 turns).

eooof the Magus (Draconian Monk)                    Turns: 2259, Time: 00:19:00

Health: -1/51      AC:  6    Str: 13 (15) XL:     6   Next: 0%
Magic:  10/10      EV: 13    Int:  9 (11) God:    Nemelex Xobeh [****..]
Gold:   114        SH:  0    Dex: 11 (13) Spells: 5/5 levels left

rFire    . . .     SeeInvis .   n - +0 falchion (distort)
rCold    . . .     Faith    .   (no shield)
rNeg     + . .     Spirit   .   (armour unavailable)
rPois    .         Reflect  .   (helmet restricted)
rElec    .         Harm     .   (no cloak)
rCorr    .         Rampage  .   (no gloves)
Will     .....                  (no boots)
Stlth    ++........             (no amulet)
HPRegen  0.17/turn              o - ring of positive energy
MPRegen  0.12/turn              (no ring)

@: no status effects
A: unfitting armour, cold-blooded, AC +6
a: Renounce Religion, Draw Escape, Draw Destruction, Draw Summoning, Triple
Draw, Deal Four


You were on level 6 of the Dungeon.
You worshipped Nemelex Xobeh.
Nemelex Xobeh was greatly pleased with you.
You visited 1 branch of the dungeon, and saw 6 of its levels.

You collected 114 gold pieces.

Inventory:

Hand Weapons
 a - a +0 short sword
 b - a +0 dagger
 h - a +0 club
 i - a +0 short sword
 l - a +0 hunting sling
 n - a +0 falchion of distortion (weapon)
Missiles
 c - 58 sling bullets
Jewellery
 o - a ring of positive energy (left hand)
 q - an uncursed ring of wizardry {unknown}
Scrolls
 d - a scroll of acquirement {unknown}
 f - 3 scrolls of identify {unknown}
 g - a scroll of fog {unknown}
 j - a scroll of blinking {unknown}
 k - 5 scrolls of teleportation {unknown}
 m - a scroll of immolation {unknown}
 p - a scroll of enchant armour {unknown}


   Skills:
 - Level 3.6 Fighting
 - Level 3.3 Short Blades
 - Level 2.8 Dodging
 - Level 1.8 Stealth
 + Level 5.9 Invocations


You had 5 spell levels left.
You didn't know any spells.
Your spell library was empty.

Dungeon Overview and Level Annotations

Branches:
Dungeon (6/15)
 Temple: D:4-7

Altars:
Elyvilon
Nemelex Xobeh


Innate Abilities, Weirdness & Mutations

Your plain brown scales are hard. (AC +6)
You cannot fit into any form of body armour.
You are cold-blooded and may be slowed by cold attacks.


Message History

Found 12 bolts.
Found a white marble altar of Elyvilon.
You hit the bush but do no damage.
Space bends around the bush.
You tail-slap the bush, but do no damage.
The bush is lightly damaged.
You hit the bush.
The bush is devoured by a tear in reality.
An orc and a centaur come into view.
The orc is wielding a +2 mace of holy wrath.
The centaur shouts!
You hear a shout! x2
The centaur wields a +0 shortbow.
The centaur shoots an arrow.
The arrow hits you.
The orc moves out of view.
The centaur shoots an arrow.
The arrow hits you!
* * * LOW HITPOINT WARNING * * *
There is a white marble altar of Elyvilon here.
You see here an arrow.
It was a potion of magic.
Magic courses through your body.
The centaur shoots an arrow.
The arrow hits you.
You die...
Your body glows with a rainbow of weird colours and disappears.

.......... .............
...# .......^..... .P.
.........(.. ...
....#[#.>.. #.#
...≈####.# #c#
..≈≈≈##.##### ##.##
..≈≈....#...###(..###...
#≈≈.......§.....@.....P.
#≈≈.....#...###...###...
#≈..#...##### ##.##
#≈........# #.#
.≈≈..#..#.# #.#
≈≈.......## ...
≈.......... .P.
≈.......... ...#
..(...>.....


You could see a centaur.

Vanquished Creatures
  A bullfrog skeleton (D:3)
  Natasha (D:5)
  A worker ant zombie (D:3)
  3 adders
  An ooze (D:3)
  4 worms
  A dart slug (D:2)
  A leopard gecko (D:1)
  10 orcs
  A ball python (D:2)
  3 bats
  7 goblins
  8 hobgoblins
  2 jackals (D:2)
  A quokka (D:2)
  3 frilled lizards
  6 kobolds
  7 rats
61 creatures vanquished.

Vanquished Creatures (collateral kills)
  A rat (D:2)
1 creature vanquished.

Vanquished Creatures (others)
  8 plants
8 creatures vanquished.

Grand Total: 70 creatures vanquished

Notes
Turn   | Place    | Note
-------+----------+-------------------------------------------
     0 | D:1      | eooof the Draconian Monk began the quest for the Orb.
     0 | D:1      | Reached XP level 1. HP: 19/19 MP: 1/1
    98 | D:2      | Found a faded altar of an unknown god.
   112 | D:2      | Became a worshipper of Nemelex Xobeh the Trickster
   112 | D:2      | Reached * piety under Nemelex Xobeh
   112 | D:2      | Received a gift from Nemelex Xobeh
   112 | D:2      | Reached ** piety under Nemelex Xobeh
   112 | D:2      | Received a gift from Nemelex Xobeh
   124 | D:2      | Reached XP level 2. HP: 23/26 MP: 2/2
   290 | D:2      | Received a gift from Nemelex Xobeh
   328 | D:2      | Reached skill level 1 in Invocations
   464 | D:3      | Reached *** piety under Nemelex Xobeh
   638 | D:3      | Reached XP level 3. HP: 22/31 MP: 4/4
   763 | D:3      | Reached skill level 2 in Invocations
   792 | D:3      | Reached skill level 3 in Invocations
   797 | D:3      | Reached XP level 4. HP: 26/39 MP: 6/6
   889 | D:3      | Reached skill level 4 in Invocations
  1085 | D:1      | Received a gift from Nemelex Xobeh
  1317 | D:2      | Reached XP level 5. HP: 36/45 MP: 8/8
  1642 | D:3      | Reached **** piety under Nemelex Xobeh
  2110 | D:4      | Noticed Natasha
  2110 | D:4      | Noticed an ogre
  2115 | D:4      | Banished an ogre
  2116 | D:4      | Reached skill level 5 in Invocations
  2138 | D:4      | HP: 2/45 [shadow imp/nerve-wracking pain[Natasha] (5)]
  2139 | D:5      | Entered Level 5 of the Dungeon
  2141 | D:5      | Killed Natasha
  2199 | D:6      | Reached XP level 6. HP: 14/51 MP: 10/10
  2230 | D:6      | Received a gift from Nemelex Xobeh
  2249 | D:6      | Found a white marble altar of Elyvilon.
  2259 | D:6      | Shot with an arrow by a centaur

Illustrated notes

Levels and vault maps discovered:
D:1:      sevenhm_arrival_forest_fort_small_6, layout_basic, minmay_fountain_box
D:2:      minmay_angry_zag, layout_rooms,
          chequers_ecumenical_altar_simple_redux, minmay_misc_feat_rows,
          serial_bayou_crossing
D:3:      layout_basic, serial_glass, glass_columns_b, glass_columns_c
D:4:      layout_loops_cross, minmay_temple_entry_poolview,
          ebering_ghost_inner_flame, kennysheep_generic_room_4, uniq_natasha,
          uniq_eustachio
D:5:      layout_loops_corners, gammafunk_temple_overflow_wave, serial_bayou,
          serial_bayou_pond_a, serial_bayou_lake_a, serial_bayou_shore_b,
          serial_bayou_pond_d, serial_bayou_pond_d, serial_shops, shop,
          kennysheep_minor_cross
D:6:      layout_cave_pools, lemuel_doored_altar, basic_altar, serial_rivers,
          chequers_serial_rivers_micro_c, chequers_serial_rivers_small_a,
          chequers_serial_rivers_small_3, chequers_serial_rivers_large_a,
          elyvilon_altar_1

Skill      XL: |  1  2  3  4  5 |
---------------+----------------+-----
Invocations    | 1 3 4 5 |  5.9
Fighting       | |  3.6
Short Blades   | |  3.3
Dodging        | |  2.8
Stealth        | |  1.8

Action                   |  1- 3 |  4- 6 || total
-------------------------+-------+-------++-------
Melee: Short sword       |   131 |    94 ||   225
       Tailslap          |    23 |    17 ||    40
       Falchion          |       |    24 ||    24
Invok: Draw Destruction  |     5 |       ||     5
       Draw Summoning    |     1 |       ||     1
  Use: Potion            |       |     7 ||     7
 Stab: Sleeping          |     1 |       ||     1
       Distracted        |       |     1 ||     1
Armor: Skin              |    26 |    37 ||    63
Dodge: Dodged            |    80 |    89 ||   169
       Rpst.: Falchion   |       |     6 ||     6
